 Dungeon Crawl Stone Soup version 0.23-a0-650-ga4d50d4 (webtiles) character file.

18 Azzok the Firebug (level 2, -1/19 HPs)
             Began as a Demonspawn Fire Elementalist on Jan 5, 2019.
             Slain by a jackal (3 damage)
             ... on level 1 of the Dungeon.
             The game lasted 00:01:28 (561 turns).

Azzok the Firebug (Demonspawn Fire Elementalist)     Turns: 561, Time: 00:01:29

Health: -1/19      AC:  2    Str:  8    XL:     2   Next: 48%
Magic:  0/5        EV: 12    Int: 16    God:
Gold:   9          SH:  0    Dex: 13    Spells: 4/5 levels left

rFire    . . .     SeeInvis .   b - +0 short sword
rCold    . . .     Gourm    .   (no shield)
rNeg     . . .     Faith    .   a - +0 robe
rPois    .         Spirit   .   (helmet restricted)
rElec    .         Reflect  .   (no cloak)
rCorr    .         Harm     .   (no gloves)
MR       .....                  (no boots)
Stlth    ++........             (no amulet)
HPRegen  0.06/turn              (no ring)
MPRegen  0.09/turn              (no ring)

@: no status effects
A: horns 1
a: no special abilities


You were on level 1 of the Dungeon.
You were not hungry.

You visited 1 branch of the dungeon, and saw 1 of its levels.

You collected 9 gold pieces.

Inventory:

Hand Weapons
 b - a +0 short sword (weapon)
Armour
 a - a +0 robe (worn)
Scrolls
 f - a scroll of teleportation {unknown}
Potions
 e - a potion of agility {unknown}
Comestibles
 c - 2 rations
 d - 2 chunks of flesh


   Skills:
 - Level 1.7 Dodging
 - Level 1.7 Stealth
 + Level 2.3 Spellcasting
 + Level 1.6 Conjurations
 + Level 3.0 Fire Magic


You had 4 spell levels left.
You knew the following spells:

 Your Spells              Type           Power        Failure   Level  Hunger
a - Flame Tongue          Conj/Fire      #....        8%          1    #......

Your spell library contained the following spells:

 Spells                   Type           Power        Failure   Level  Hunger
 Throw Flame              Conj/Fire      #.....       12%         2    ###....
 Conjure Flame            Conj/Fire      #.......     22%         3    ###....
 Inner Flame              Hex/Fire       #.......     32%         3    ###....
 Sticky Flame             Conj/Fire      #.......     58%         4    #####..
 Fireball                 Conj/Fire      #.........   91%         5    ######.


Dungeon Overview and Level Annotations

Branches:
Dungeon (1/15)

Altars:


Innate Abilities, Weirdness & Mutations

You have a pair of small horns on your head.


Message History

Aim: a jackal The flame tongue misses the jackal. x2
* * * LOW MAGIC WARNING * * *
The jackal closely misses you.
You barely miss the jackal. Your headbutt misses the jackal.
The jackal bites you.
* * * LOW HITPOINT WARNING * * *
The jackal bites you.
* * * LOW HITPOINT WARNING * * *
You hit the jackal but do no damage. Your headbutt misses the jackal.
The jackal bites you but does no damage.
You hit the jackal.
You headbutt the jackal, but do no damage.
The jackal is severely wounded.
The jackal bites you but does no damage.
The jackal barely misses you.
You hit the jackal.
You kill the jackal!
The jackal bites you.
You die...

··▒▒▒▒· ··P·····♣♣··P▒·▒ ·▒▒
♣♣PP·♣·♣PP·♣·▒·▒ ▒ ··▒
♣PPPPP·P·P··P▒·▒ ▒▒ ··▒
▒▒▒▒▒▒▒▒▒▒▒▒▒▒▒▒▒▒·▒ ▒▒· ··▒
▒▒··················▒ ▒·· ··▒
▒·······g·h·········▒▒▒▒·· ··▒
▒·······h)h··)········▒▒··
·▒▒▒▒▒▒▒·▒·▒▒▒▒▒▒▒▒((············
▒▒▒▒g·g········(@hg··▒▒▒▒▒▒÷·▒▒··
·····▒▒········▒▒▒▒▒·▒ ▒▒·····
····▒▒·········▒ ▒·▒ ▒▒▒▒··
···············▒ ▒·▒ ▒··
····▒▒▒▒▒▒▒▒▒▒▒▒ ▒▒▒ ▒·· ▒▒▒▒▒
▒·· ▒·· ▒▒· ▒▒


You could see a jackal and a goblin.

Vanquished Creatures
  3 bats (D:1)
  3 goblins (D:1)
  A hobgoblin (D:1)
  3 jackals (D:1)
  3 kobolds (D:1)
  2 rats (D:1)
15 creatures vanquished.

Notes
Turn   | Place    | Note
-------+----------+-------------------------------------------
     0 | D:1      | Azzok the Demonspawn Fire Elementalist began the quest for
                  | the Orb.
     0 | D:1      | Reached XP level 1. HP: 13/13 MP: 3/3
   224 | D:1      | Gained mutation: You have a pair of small horns on your
                  | head. [demonic ancestry]
   224 | D:1      | Reached XP level 2. HP: 11/19 MP: 0/5
   556 | D:1      | Reached skill level 3 in Fire Magic
   561 | D:1      | Slain by a jackal

Vault maps used:
D:1:      minmay_arrival_arboretum_small

Skill      XL: |  1  2 |
---------------+-------+-----
Fire Magic     | 3 |  3.0
Dodging        | |  1.7
Stealth        | |  1.7
Spellcasting   | |  2.3
Conjurations   | |  1.6

Action                   || total
-------------------------++-------
Melee: Unarmed           ||     3
       Short sword       ||    15
       Headbutt          ||     2
 Cast: Flame Tongue      ||    27
Armor: Robe              ||    20
Dodge: Dodged            ||    44

Table legend:
 A = Non-vault XP
 B = Vault XP
 C = Vault XP percentage of total XP
 D = Non-vault monster count
 E = Vault monster count
 F = Vault count percentage of total count
                 A         B        C        D         E       F
            +---------+---------+-------+---------+---------+-------
      Total |      26 |       0 |   0.0 |      15 |       0 |   0.0
            +---------+---------+-------+---------+---------+-------
        D:1 |      26 |       0 |   0.0 |      15 |       0 |   0.0
            +---------+---------+-------+---------+---------+-------
